Map: Mech Depot LE

Players

MaNa - Winner!

  • Race: Protoss Protoss
  • Spawn Location: 1:00

MightyKiwi

  • Race: Zerg Zerg
  • Spawn Location: 7:00

Event: WCS Montreal 2017

VOD

Have the link to the VOD?

Description

Time

  • Played on: Sept. 8, 2017, 2:15 p.m.
  • Length: 7:57

All games in this series

Show
View Real Time Build Order
Export as new Build Order

MaNa Protoss - Winner!

Build Orders: 1 Gate Expand, Oracle Opening 

Get SALT Encoding   

  12  0:00  Probe (Chrono Boost)  
  13  0:11  Probe (Chrono Boost)  
  14  0:18  Pylon  
  14  0:22  Probe (Chrono Boost)  
  15  0:36  Probe (Chrono Boost)  
  15  0:39  Gateway  
  16  0:47  Probe (Chrono Boost)  
  16  0:48  Assimilator  
  17  0:57  Probe (Chrono Boost)  
  18  1:08  Probe (Chrono Boost)  
  20  1:18  Probe (Chrono Boost)  
  20  1:26  Nexus  
  20  1:36  Cybernetics Core  
  21  1:40  Probe (Chrono Boost)  
  21  1:45  Assimilator  
  21  1:50  Probe (Chrono Boost)  
  22  1:56  Pylon  
  22  2:01  Probe (Chrono Boost)  
  23  2:14  Probe (Chrono Boost), Adept (Chrono Boost)  
  26  2:19  Stargate  
  26  2:26  Probe  
  26  2:27  Warp Gate  
  27  2:37  Pylon  
  27  2:38  Probe (Chrono Boost)  
  27  2:39  Probe (Chrono Boost)  
  27  2:44  Adept  
  31  2:49  Probe (Chrono Boost)  
  32  2:57  Probe (Chrono Boost)  
  32  3:00  Probe (Chrono Boost)  
  32  3:05  Oracle  
  33  3:07  Probe (Chrono Boost)  
  33  3:10  Probe (Chrono Boost)  
  38  3:16  Gateway  
  38  3:18  Probe (Chrono Boost)  
  39  3:21  Probe (Chrono Boost)  
  40  3:28  Probe (Chrono Boost)  
  40  3:31  Probe (Chrono Boost)  
  40  3:36  Assimilator  
  40  3:39  Probe (Chrono Boost)  
  41  3:42  Probe (Chrono Boost)  
  41  3:44  Void Ray (Chrono Boost), Pylon  
  46  3:57  Stargate  
  46  4:01  Probe, Assimilator  
  48  4:02  Probe  
  48  4:05  Pylon  
  48  4:11  Probe  
  48  4:14  Probe  
  50  4:17  Pylon  
  50  4:22  Probe  
  51  4:24  Oracle (Chrono Boost)  
  51  4:27  Probe  
  55  4:32  Probe  
  54  4:39  Probe  
  54  4:44  Probe, Nexus  
  56  4:46  Oracle (Chrono Boost)  
  56  4:51  Probe  
  60  4:54  Adept x2  
  60  4:57  Pylon  
  65  5:03  Oracle (Chrono Boost)  
  65  5:05  Probe  
  70  5:07  Mothership Core (Chrono Boost)  
  70  5:10  Pylon  
  70  5:16  Adept  
  70  5:17  Probe (Chrono Boost)  
  70  5:21  Oracle  
  73  5:27  Probe (Chrono Boost)  
  78  5:28  Probe (Chrono Boost)  
  78  5:38  Probe (Chrono Boost)  
  78  5:39  Probe (Chrono Boost)  
  78  5:42  Oracle  
  83  5:48  Probe (Chrono Boost)  
  83  5:49  Probe (Chrono Boost)  
  85  5:52  Pylon  
  85  5:56  Pylon  
  85  5:59  Probe x2 (Chrono Boost)  
  85  6:02  Probe (Chrono Boost)  
  84  6:05  Gateway  
  84  6:06  Gateway  
  84  6:09  Assimilator, Probe (Chrono Boost)  
  84  6:10  Probe (Chrono Boost), Oracle  
  89  6:12  Assimilator, Probe (Chrono Boost)  
  90  6:20  Probe x2 (Chrono Boost)  
  90  6:22  Forge  
  90  6:23  Probe (Chrono Boost), Forge  
  93  6:30  Probe (Chrono Boost)  
  93  6:31  Probe (Chrono Boost)  
  95  6:34  Probe (Chrono Boost)  
  95  6:35  Oracle  
  96  6:41  Probe (Chrono Boost)  
  96  6:43  Probe (Chrono Boost)  
  98  6:51  Zealot x2  
  98  6:53  Twilight Council, Oracle  
  101  7:11  Sentry x2, Gateway x2, Oracle  
  108  7:20  Zealot x2  
  112  7:24  Pylon  
  112  7:25  Pylon  
  112  7:27  Pylon  
  115  7:35  Zealot  
  117  7:38  Pylon  
  108  7:45  Probe  
Show
View Real Time Build Order
Export as new Build Order

MightyKiwi Zerg 

Build Orders: Hatch First 

Get SALT Encoding   

  12  0:00  Drone  
  13  0:13  Overlord  
  13  0:17  Drone  
  14  0:31  Drone x2  
  16  0:39  Drone  
  17  0:53  Hatchery  
  17  0:55  Drone  
  17  0:58  Extractor  
  17  1:00  Drone  
  17  1:15  Spawning Pool  
  16  1:19  Drone  
  16  1:24  Drone  
  18  1:29  Drone  
  19  1:40  Overlord  
  19  1:51  Drone  
  20  2:02  Metabolic Boost, Drone  
  20  2:03  Queen  
  20  2:06  Zergling x2  
  24  2:11  Queen  
  24  2:14  Drone  
  27  2:16  Drone  
  28  2:23  Drone  
  28  2:27  Drone  
  30  2:34  Overlord  
  30  2:43  Drone  
  31  2:44  Drone  
  31  2:47  Queen  
  31  2:48  Zergling x2  
  35  3:00  Zergling x4  
  35  3:05  Drone  
  37  3:09  Pneumatized Carapace  
  37  3:18  Drone x4  
  41  3:30  Spore Crawler  
  41  3:32  Spore Crawler  
  41  3:35  Drone x2  
  43  3:42  Overlord  
  43  3:43  Baneling Nest  
  43  3:44  Extractor, Evolution Chamber  
  43  3:47  Spore Crawler  
  39  3:49  Spore Crawler, Drone, Hatchery  
  38  3:56  Drone  
  38  3:57  Drone x5  
  44  4:08  Drone x5  
  49  4:19  Drone x3  
  49  4:22  Extractor  
  50  4:34  Drone  
  50  4:35  Drone  
  50  4:37  Lair  
  52  4:41  Overlord x2  
  51  4:52  Overlord  
  51  4:53  Spore Crawler, Zerg Melee Weapons Level 1  
  51  4:54  Overlord  
  51  4:58  Drone x2  
  52  5:06  Overlord  
  52  5:07  Drone  
  52  5:08  Queen, Drone x3  
  52  5:10  Queen  
  60  5:20  Drone  
  60  5:21  Drone x4  
  65  5:26  Drone x2  
  65  5:27  Overlord, Extractor  
  65  5:36  Zergling x2  
  65  5:37  Zergling x8  
  67  5:46  Queen  
  67  5:55  Hydralisk Den  
  64  6:02  Drone x4  
  64  6:03  Drone  
  58  6:30  Hydralisk x11  
  76  6:37  Queen  
  74  6:41  Hydralisk  
  74  6:42  Hydralisk  
  74  6:46  Drone x2  
  74  6:55  Drone  
  74  6:56  Drone x4  
  79  7:03  Zergling x2  
  79  7:04  Zergling x4  
  79  7:05  Zergling x4  
  80  7:12  Zergling x2  
  80  7:15  Zergling x2  
  82  7:19  Zergling x4  
  82  7:21  Baneling x4  
  84  7:23  Baneling  
  84  7:32  Baneling x3  
  84  7:33  Baneling  
  66  7:50  Hatchery  
Tags
 
Add a new tag
Caveats
  • Supply blocks, unpowered buildings, or Contaminate may cause inaccurate times.
  • Supply counts are checked every 10 seconds.